AoeStats
← damiansima

Arena

509761793Analyzed
4v4 RM · 5d ago on Sep 27, 2026· 45m 38s· 8 players
Game mode
Random Map
Map size
Large (8 player)
Population
200
Speed
Normal
Resources
Standard
Victory
Conquest
Starting age
Dark Age
Ending age
Imperial Age
RankedLock teamsTeams togetherTeam positionsShared explorationLock speedFull tech treeHidden civsTurbo modeCheats
Victory
Defeat
🇸🇪 Franks · Sweden
1123
+14
1107
+15
🇲🇽 Vietnamese · Mexico
1089
+16
1066
+17
🇦🇷 Saxons · Argentina
1122
-17
🇨🇴 Romans · Colombia
1082
-15
🇦🇷 Persians · Argentina
1073
-15
🇧🇷 Goths · Brazil
1066
-15
ROMA
10:55 Feudal Age
17:13 Castle Age
15:43 Scale Barding Armor
15:29 Horse Collar
16:20 Double-Bit Axe
17:46 Forging
21:07 Wheelbarrow
21:13 Heavy Plow
21:24 Bow Saw
22:51 Wheelbarrow
23:23 Bloodlines
25:46 Husbandry
25:55 Gold Mining
26:22 Loom
29:50 Chain Barding Armor
30:07 Iron Casting
36:41 Imperial Age
35:27 Masonry
36:29 Hand Cart
36:58 Gold Shaft Mining
36:15 Stone Mining
36:24 Cavalier
39:34 Citadels
40:46 Hoardings
40:50 Stone Shaft Mining
41:45 Architecture
damiansima
11:21 Feudal Age
11:03 Loom
13:14 Fletching
14:02 Padded Archer Armor
15:16 Double-Bit Axe
16:27 Horse Collar
16:39 Gold Mining
24:40 Castle Age
25:23 Bodkin Arrow
24:50 Crossbowman
25:35 Thumb Ring
34:18 Imperial Age
32:24 Wheelbarrow
32:04 Town Watch
34:01 Ballistics
36:03 Chemistry
36:35 Bracer
37:39 Arbalester
38:32 Squires
38:18 Arson
39:35 Hand Cart
39:20 Elite Skirmisher
40:37 Capped Ram
42:56 Cranequins
45:11 Leather Archer Armor
Chuterr
1:29 Loom
1:58 Loom
11:43 Feudal Age
12:20 Horse Collar
12:29 Double-Bit Axe
20:39 Castle Age
18:50 Scale Mail Armor
19:24 Forging
20:40 Fletching
20:14 Man-at-Arms
21:34 Padded Archer Armor
22:46 Heavy Plow
22:58 Bow Saw
26:59 Wheelbarrow
27:33 Squires
28:05 Elite Skirmisher
30:08 Bodkin Arrow
30:38 Hand Cart
32:35 Town Watch
33:11 Leather Archer Armor
32:45 Pikeman
® SEILERT ®™
0:36 Loom
11:28 Feudal Age
16:03 Castle Age
14:32 Double-Bit Axe
14:30 Horse Collar
15:05 Gold Mining
16:27 Wheelbarrow
17:53 Bow Saw
24:21 Squires
24:53 Scale Mail Armor
29:34 Imperial Age
27:52 Forging
28:21 Anarchy
28:55 Heavy Plow
29:39 Chain Mail Armor
30:39 Conscription
30:49 Pikeman
31:44 Elite Huskarl
31:50 Halberdier
33:15 Iron Casting
33:45 Hand Cart
36:23 Blast Furnace
[BuluC]Not_the_Viper
5:20 Loom
10:09 Feudal Age
10:38 Feudal Age
14:40 Castle Age
12:51 Double-Bit Axe
13:28 Horse Collar
14:47 Wheelbarrow
16:19 Bow Saw
17:37 Fervor
18:29 Heavy Plow
21:58 Sanctity
26:44 Gold Mining
27:36 Scale Barding Armor
27:44 Forging
30:26 Imperial Age
28:16 Hand Cart
27:49 Town Watch
28:51 Chain Barding Armor
29:44 Bloodlines
29:55 Husbandry
30:35 Iron Casting
30:27 Cavalier
31:30 Conscription
31:58 Plate Barding Armor
31:54 Paladin
35:19 Fletching
35:29 Padded Archer Armor
35:30 Scale Mail Armor
34:52 Light Cavalry
36:08 Winged Hussar
37:04 Leather Archer Armor
36:56 Stone Mining
37:08 Tower Shields
37:45 Hoardings
37:53 Chain Mail Armor
37:26 Arson
37:41 Squires
37:02 Pikeman
37:02 Man-at-Arms
37:45 Hill Forts
38:08 Ballistics
38:49 Chemistry
37:30 Treadmill Crane
38:52 Ring Archer Armor
41:46 Crop Rotation
41:47 Fortified Wall
41:34 Bodkin Arrow
41:05 Halberdier
41:05 Long Swordsman
41:09 Elite Leitis
42:21 Caravan
42:52 Coinage
42:42 Masonry
42:23 Heated Shot
42:24 Guard Tower
43:22 Bracer
42:45 Two-Handed Swordsman
43:27 Murder Holes
44:25 Architecture
45:22 Two-Man Saw
43:57 Crossbowman
44:43 Thumb Ring
44:53 Clinker Construction
44:54 Careening
44:49 Capped Ram
44:57 Elite Skirmisher
45:15 Champion
Condenados
7:10 Loom
10:01 Feudal Age
17:00 Castle Age
15:39 Fletching
16:07 Double-Bit Axe
16:08 Horse Collar
17:00 Padded Archer Armor
18:39 Bodkin Arrow
19:42 Gold Mining
20:12 Bow Saw
20:28 Ballistics
23:49 Leather Archer Armor
25:27 Man-at-Arms
27:14 Wheelbarrow
28:18 Bloodlines
30:00 Scale Barding Armor
31:32 Hand Cart
32:26 Chain Barding Armor
32:17 Forging
38:28 Imperial Age
38:44 Elite Rattan Archer
40:56 Two-Man Saw
39:58 Heavy Plow
40:15 Bracer
40:46 Ring Archer Armor
42:18 Capped Ram
44:31 Chemistry
FappingFuriously
11:53 Feudal Age
13:57 Loom
16:36 Castle Age
15:15 Arson
15:38 Double-Bit Axe
18:05 Squires
24:58 Forging
29:00 Wheelbarrow
35:01 Imperial Age
34:14 Iron Casting
33:43 Scale Mail Armor
37:15 Blast Furnace
37:20 Conscription
36:55 Elite Throwing Axeman
39:33 Chain Mail Armor
42:06 Plate Mail Armor
44:04 Hand Cart
youtube.com/@Murkwilect
6:00 Loom
6:51 Loom
9:52 Feudal Age
10:49 Double-Bit Axe
13:26 Fletching
14:14 Horse Collar
21:54 Wheelbarrow
23:04 Gold Mining
23:06 Stone Mining
27:09 Castle Age
26:29 Forging
26:19 Scale Mail Armor
29:38 Pikeman
35:31 Imperial Age
33:58 Iron Casting
33:38 Chain Mail Armor
37:32 Bodkin Arrow
39:05 Hand Cart
39:26 Gold Mining
39:12 Halberdier
41:40 Scale Barding Armor
42:36 Blast Furnace
42:59 Chain Barding Armor
42:42 Bracer
43:31 Bloodlines
43:21 Husbandry
42:42 Cavalier
44:21 Gold Shaft Mining
Connection lost

Rejoining the realm…

Still unreachable

The connection could not be restored.

Session expired

The server has moved on; the page needs a fresh start.